 Dungeon Crawl Stone Soup version 0.30.1-9-gdf580d7c3d (webtiles) character file.

Game seed: 5234517498493876514

84 Zonian the Caller (level 4, -2/24 HPs)
             Began as a Deep Elf Summoner on Oct 5, 2023.
             Slain by a black bear (7 damage)
             ... on level 2 of the Dungeon.
             The game lasted 00:04:09 (2464 turns).

Zonian the Caller (Deep Elf Summoner)               Turns: 2464, Time: 00:04:10

Health: -2/24      AC:  2    Str:  5    XL:     4   Next: 24%
Magic:  4/11       EV: 13    Int: 22    God:
Gold:   62         SH:  0    Dex: 15    Spells: 7/10 levels left

rFire   . . .        m - +0 dagger
rCold   . . .        (no shield)
rNeg    . . .        a - +0 robe
rPois   .            (no helmet)
rElec   .            (no cloak)
rCorr   .            (no gloves)
SInv    .            (no boots)
Will    .....        (no amulet)
Stlth   ++           (no ring)
HPRegen 0.24/turn    (no ring)
MPRegen 0.12/turn

%: no passive effects
@: no status effects
A: no striking features
a: no special abilities


You were on level 2 of the Dungeon.
You visited 1 branch of the dungeon, and saw 2 of its levels.

You collected 62 gold pieces.

Inventory:

Hand Weapons
 c - a +0 hand axe
 m - a +0 dagger (weapon)
Armour
 a - a +0 robe (worn)
Scrolls
 d - a scroll of fog {unknown}
 e - 2 scrolls of teleportation {unknown}
 f - a scroll of noise {unknown}
 g - a scroll of enchant weapon {unknown}
 h - 2 scrolls of blinking {unknown}
 l - a scroll of vulnerability {unknown}
 o - 2 scrolls of fear {unknown}
Potions
 b - a potion of magic
 i - a potion of cancellation {unknown}
 j - 2 potions of curing {unknown}
 k - 2 potions of heal wounds {unknown}
 n - a potion of degeneration {unknown}
 p - a potion of mutation {unknown}


   Skills:
 + Level 3.4 Dodging
 + Level 3.6 Stealth
 + Level 3.9 Spellcasting
 + Level 4.9 Summonings


You had 7 spell levels left.
You knew the following spells:

 Your Spells              Type           Power      Damage    Failure   Level
a - Summon Small Mammal   Summ           100%       N/A       1%          1
b - Call Imp              Summ           52%        N/A       2%          2

Your spell library contained the following spells:

 Spells                   Type           Power      Damage    Failure   Level
 Call Canine Familiar     Summ           26%        N/A       4%          3
 Summon Guardian Golem    Hex/Summ       15%        N/A       12%         3
 Summon Lightning Spire   Summ/Air       15%        N/A       38%         4


Dungeon Overview and Level Annotations

Branches:
Dungeon (2/15)

Altars:


Message History

The black bear closely misses your cerulean imp.
The black bear barely misses your cerulean imp.
The black bear closely misses your cerulean imp.
The black bear bites your cerulean imp.
Your cerulean imp dies!
Your cerulean imp disappears in a puff of smoke!
Unknown command.
Casting: Call Imp (safe; 2% risk of failure)
Confirm with . or Enter, or press ? or * to list all spells.
A tiny devil pulls itself out of the air.
Your cerulean imp closely misses the black bear.
You swap places.
The black bear misses your cerulean imp.
The black bear barely misses your cerulean imp.
The black bear closely misses your cerulean imp.
Your cerulean imp hits the black bear with a -2 spear.
The black bear barely misses your cerulean imp. x2
The black bear misses your cerulean imp.
The black bear closely misses your cerulean imp.
The black bear misses your cerulean imp.
The black bear claws your cerulean imp.
Your cerulean imp barely misses the black bear.
Unknown command.
The black bear bites your cerulean imp. The black bear claws your cerulean imp.
Your cerulean imp dies!
Your cerulean imp disappears in a puff of smoke!
Unknown command.
Casting: Call Imp (safe; 2% risk of failure)
Confirm with . or Enter, or press ? or * to list all spells.
A tiny devil pulls itself out of the air.
The black bear bites you. The black bear closely misses you.
The black bear barely misses you.
You swap places.
The black bear bites your cerulean imp! The black bear claws your cerulean imp.
Your cerulean imp dies!
Your cerulean imp disappears in a puff of smoke!
The black bear bites you! The black bear claws you.
* * * LOW HITPOINT WARNING * * *
The black bear claws you!
You die...

##...##
#.#######.#.#..)..###
##.## #.#
#.#.......... #.# #.#
#.###.....### #.# #.#
#.# #.....# ##.## #.#
#.# ###.### ####...#
#.# #.# #.# #....#.#
#.# ##.#####.#
#.##...#
#.######........#
#.###.##
#...@h..#>#######
#.#...# #######...#
#.#.### #.### #.....#
#.# #.....# #.#
#.....# #.# ###.....#
#.# ........# #.#
######.## #.#


You could see a black bear (berserk).

Vanquished Creatures
  Natasha (D:2)
  2 bats (D:1)
  An endoplasm (D:2)
  A giant cockroach (D:1)
  5 goblins
  A hobgoblin (D:1)
  4 jackals
  2 kobolds (D:1)
  A ball python (D:2)
  A rat (D:1)
19 creatures vanquished.

Vanquished Creatures (collateral kills)
  Natasha (D:2)
  A worm (D:2)
  A giant cockroach (D:2)
  A goblin (D:2)
  2 hobgoblins (D:1)
  A jackal (D:2)
  3 kobolds
10 creatures vanquished.

Grand Total: 29 creatures vanquished

Notes
Turn   | Place    | Note
-------+----------+-------------------------------------------
     0 | D:1      | Zonian the Deep Elf Summoner began the quest for the Orb.
     0 | D:1      | Reached XP level 1. HP: 10/10 MP: 6/6
   432 | D:1      | Reached XP level 2. HP: 12/15 MP: 8/8
   911 | D:1      | Learned a level 2 spell: Call Imp
  1487 | D:2      | Noticed Natasha
  1495 | D:2      | Reached XP level 3. HP: 18/19 MP: 7/10
  1529 | D:2      | Killed Natasha
  2101 | D:2      | Noticed Natasha
  2113 | D:2      | Killed Natasha
  2114 | D:2      | Reached XP level 4. HP: 8/24 MP: 6/11
  2392 | D:2      | Noticed a black bear
  2464 | D:2      | Slain by a black bear

Illustrated notes

Levels and vault maps discovered:
D:1:      lemuel_arrival_cross, layout_loops_cross
D:2:      layout_loops_ring, kennysheep_donut, uniq_natasha, uniq_robin

Skill      XL: |  1  2 |
---------------+-------+-----
Stealth        | 3 |  3.6
Dodging        | 3 |  3.4
Spellcasting   | |  3.9
Summonings     | |  4.9

Action                     |  1- 3 |  4- 6 || total
---------------------------+-------+-------++-------
  Melee: Hand axe          |    42 |       ||    42
         Dagger            |    16 |     2 ||    18
   Cast: Summon Small Mamm |    16 |     2 ||    18
         Call Imp          |     7 |     6 ||    13
   Stab: Distracted        |     3 |       ||     3
         Sleeping          |     2 |       ||     2
 Armour: Robe              |    11 |     1 ||    12
  Dodge: Dodged            |    48 |     5 ||    53
